 Dungeon Crawl Stone Soup version 0.31-a0-833-gc15d34cb79 (webtiles) character file.

Game seed: 6536577659779672675

67 javelincjr the Changeling (level 4, -2/34 HPs)
             Began as a Demonspawn Shapeshifter on Sept 25, 2023.
             Slain by Grinder (4 damage)
             ... on level 3 of the Dungeon.
             The game lasted 00:03:23 (1796 turns).

javelincjr the Changeling (Demonspawn Shapeshifter) Turns: 1796, Time: 00:03:24

Health: -2/34      AC:  2    Str: 14    XL:     4   Next: 0%
Magic:  4/4        EV: 12    Int: 12    God:
Gold:   113        SH:  0    Dex: 14    Spells: 3/3 levels left

rFire   . .          .
                       - Unarmed
rCold   . . .        (no shield)
rNeg    . . .        a - +0 animal skin
rPois   .            (helmet currently unavailable)
rElec   .            (cloak currently unavailable)
rCorr   .            (gloves currently unavailable)
SInv    .            (boots currently unavailable)
Will    .....        (no amulet)
Stlth   +            (no ring)
HPRegen 0.25/turn    (no ring)
MPRegen 0.09/turn

%: no passive effects
@: beast-form
A: beast (slay +1), demonic magic 2
a: Begin Untransformation


You were on level 3 of the Dungeon.
You were a hulking beast.
You visited 1 branch of the dungeon, and saw 3 of its levels.

You collected 113 gold pieces.

Inventory:

Missiles
 g - 3 poisoned darts
Armour
 a - a +0 animal skin (worn)
Talismans
 c - a beast talisman (active)
 d - a flux talisman
Scrolls
 e - 3 scrolls of fog {unknown}
 h - a scroll of immolation {unknown}
 i - a scroll of vulnerability {unknown}
 j - 4 scrolls of blinking {unknown}
 k - a scroll of amnesia {unknown}
 m - 3 scrolls of teleportation {unknown}
Potions
 b - 2 potions of lignification
 f - 4 potions of curing {unknown}
 l - a potion of might {unknown}
 n - a potion of enlightenment {unknown}
 o - a potion of brilliance {unknown}


   Skills:
 * Level 2.4 Fighting
 - Level 2.0 Dodging
 - Level 2.9 Unarmed Combat
 * Level 3.3 Shapeshifting


You had 3 spell levels left.
You didn't know any spells.
Your spell library was empty.

Dungeon Overview and Level Annotations

Branches:
Dungeon (3/15)

Altars:

Annotations:
D:3 Grinder


Innate Abilities, Weirdness & Mutations

You are a hulking beast.
Your limbs bulge with bestial killing power. (Slay +1)
Spells you cast may paralyse nearby enemies.


Message History

You have reached level 4!
You feel clever.
o - an orange potion Grinder comes into view.
Grinder shouts!
Grinder gestures at you.
You suddenly lose the ability to move!
Grinder gestures at you. You resist with significant effort.
Grinder blinks!
Grinder hits you. Grinder hits you.
You can move again.
You hit Grinder.
Grinder is lightly wounded.
Grinder hits you.
You writhe in agony.
You are too injured to fight recklessly!
You are too injured to fight recklessly!
You are too injured to fight recklessly!
You are too injured to fight recklessly!
You barely miss Grinder.
Grinder is lightly wounded.
Grinder hits you.
You closely miss Grinder.
Grinder is lightly wounded.
Grinder gestures at you.
You suddenly lose the ability to move!
Grinder hits you!
* * * LOW HITPOINT WARNING * * *
You writhe in agony.
* * * LOW HITPOINT WARNING * * *
Grinder completely misses you. Grinder hits you but does no damage.
You can move again.
You hit Grinder.
Grinder is lightly wounded.
Grinder says, "Mostly I couldn't keep them alive."
Grinder hits you.
You die...
Grinder says, "Now the real fun starts!"

#.# #.# #.# #.# #.####
####### #.#...
#...5.###########.#.##
#h#.......##....#
#.#.#####.#.....# #
##.#.### #.##....#
#.##......###)###.#.#
#.....#.#...........#
.....##.##.#####.###.###
.### #.##.......###'##
##.###########...##
#....## ##.....##


You could see Grinder.

Vanquished Creatures
  An adder (D:2)
  7 endoplasms
  3 giant cockroaches
  6 goblins
  2 hobgoblins
  6 jackals (D:2)
  2 quokkas
  3 ball pythons (D:1)
  8 bats
  2 frilled lizards
  7 kobolds
  7 rats
54 creatures vanquished.

Notes
Turn   | Place    | Note
-------+----------+-------------------------------------------
     0 | D:1      | javelincjr the Demonspawn Shapeshifter began the quest for
                  | the Orb.
     0 | D:1      | Reached XP level 1. HP: 15/15 MP: 1/1
   155 | D:1      | Gained mutation: Spells you cast may paralyse adjacent
                  | enemies. [demonic ancestry]
   155 | D:1      | Reached XP level 2. HP: 20/21 MP: 2/2
   443 | D:1      | Reached skill level 3 in Shapeshifting
   728 | D:2      | Gained mutation: Spells you cast may paralyse nearby
                  | enemies. [demonic ancestry]
   728 | D:2      | Reached XP level 3. HP: 27/27 MP: 3/3
  1742 | D:3      | Reached XP level 4. HP: 34/34 MP: 4/4
  1785 | D:3      | Noticed Grinder
  1785 | D:3      | Paralysed by Grinder for 5 turns
  1792 | D:3      | Paralysed by Grinder for 3 turns
  1793 | D:3      | HP: 1/34 [Grinder (3)]
  1796 | D:3      | Slain by Grinder

Illustrated notes

Levels and vault maps discovered:
D:1:      minmay_arrival_stone_box, layout_basic
D:2:      layout_loops_ring, amcnicky_mini_corridor_feature
D:3:      layout_loops_corners, uniq_ijyb, uniq_robin, uniq_grinder

Skill      XL: |  1  2  3 |
---------------+----------+-----
Dodging        | 2 |  2.0
Shapeshifting  | 3 |  3.3
Fighting       | 2 |  2.4
Unarmed Combat | |  2.9

Action                     |  1- 3 |  4- 6 || total
---------------------------+-------+-------++-------
  Melee: Unarmed           |   142 |     4 ||   146
         Punch             |     1 |       ||     1
   Stab: Sleeping          |     2 |       ||     2
 Armour: Animal skin       |    63 |     7 ||    70
  Dodge: Dodged            |    88 |     1 ||    89

Table legend: (Time is in decaauts)
 A = Elapsed time spent in this place.
 B = Non-inter-level travel time spent in this place.
 C = Inter-level travel time spent in this place.
 D = Time resting spent in this place.
 E = Time spent auto-exploring this place.
 F = Levels seen in this place.
 G = Mean time per level.
                   A        B        C        D        E       F      G
               +--------+--------+--------+--------+--------+-----+--------+
         Total |   1787 |   1742 |     45 |      0 |   1410 |   3 |  595.7 |
       Dungeon |   1787 |   1742 |     45 |      0 |   1410 |   3 |  595.7 |
               +--------+--------+--------+--------+--------+-----+--------+

Top non-repeatable levels by time:
     D:2: 908 daAuts
     D:1: 702 daAuts
     D:3: 177 daAuts
